 Dungeon Crawl Stone Soup version 0.29.1-1-gd02db6906a (webtiles) character file.

Game seed: 9310174697330653401

935 masschaos23 the Trooper (level 8, 0/71 HPs)
             Began as a Hill Orc Fighter on Sept 25, 2022.
             Succumbed to a killer bee's poison
             ... on level 5 of the Dungeon.
             The game lasted 00:04:00 (5400 turns).

masschaos23 the Trooper (Hill Orc Fighter)          Turns: 5400, Time: 00:04:01

Health: 0/71       AC:  7    Str: 21    XL:     8   Next: 11%
Magic:  8/8        EV:  9    Int:  8    God:
Gold:   312        SH:  5    Dex: 10    Spells: 7/7 levels left

rFire   . . .      SeeInvis .   a - +0 war axe
rCold   . . .      Faith    .   c - +0 buckler
rNeg    . . .      Spirit   .   b - +0 scale mail
rPois   .          Reflect  .   (no helmet)
rElec   .          Harm     .   (no cloak)
rCorr   .          Rampage  .   (no gloves)
Will    .....                   (no boots)
Stlth   ..........              (no amulet)
HPRegen 0.21/turn               (no ring)
MPRegen 0.11/turn               (no ring)

@: lethally poisoned (0 -> 0)
A: no striking features
a: no special abilities


You were on level 5 of the Dungeon.
You visited 1 branch of the dungeon, and saw 5 of its levels.

You collected 312 gold pieces.

Inventory:

Hand Weapons
 a - a +0 war axe (weapon)
Armour
 b - a +0 scale mail (worn)
 c - a +0 buckler (worn)
 l - a +0 pair of boots
Jewellery
 k - an amulet of regeneration
 q - a +6 ring of dexterity
Wands
 t - a wand of mindburst (10)
Scrolls
 f - a scroll of amnesia {unknown}
 g - 2 scrolls of butterflies {unknown}
 i - 3 scrolls of teleportation {unknown}
 j - 2 scrolls of enchant weapon {unknown}
 n - a scroll of vulnerability {unknown}
 r - a scroll of enchant armour {unknown}
 w - a scroll of identify {unknown}
 y - 2 scrolls of magic mapping {unknown}
Potions
 d - a potion of might
 e - a potion of lignification {unknown}
 h - 5 potions of curing {unknown}
 m - 2 potions of haste {unknown}
 o - 2 potions of heal wounds
 p - 3 potions of mutation {unknown}
 s - a potion of resistance {unknown}
 u - 2 potions of flight {unknown}
 v - a potion of cancellation {unknown}
 x - 2 potions of brilliance {unknown}
 z - a potion of degeneration {unknown}


   Skills:
 + Level 6.4 Fighting
 + Level 6.4 Axes
 + Level 5.9 Armour
 + Level 5.9 Shields


You had 7 spell levels left.
You didn't know any spells.
Your spell library contained the following spells:

 Spells                   Type           Power      Damage    Failure   Level
 Sting                    Tmut/Pois      0%         1d3       80%         1
 Poisonous Vapours        Pois/Air       0%         N/A       91%         2
 Sublimation of Blood     Necr           0%         N/A       91%         2
 Wereblood                Tmut           0%         N/A       91%         2
 Olgreb's Toxic Radiance  Pois           0%         N/A       100%        4
 Summon Hydra             Summ           0%         N/A       100%        7


Dungeon Overview and Level Annotations

Branches:
Dungeon (5/15)             Temple (0/1) D:4

Altars:
Fedhas
Kikubaaqudgha
Nemelex Xobeh
Okawaru
Sif Muna
Vehumet


Message History

You feel sick.
The killer bee stings you but does no damage. x2
The gnoll hits you but does no damage.
You miss the killer bee.
The killer bee is almost dead.
You feel sick. The killer bee stings you.
You are more poisoned.
The killer bee poisons you! The killer bee closely misses you.
The gnoll closely misses you.
The killer bee stings you but does no damage.
You hit the killer bee.
You kill the killer bee!
You feel very sick.
The gnoll hits you from afar with a +0 halberd!
* * * LOW HITPOINT WARNING * * *
Found a scroll labelled CUZXAENARPH.
* * * LOW HITPOINT WARNING * * *
You feel very sick. The gnoll barely misses you.
You see here a killer bee corpse.
You slash the gnoll!
You kill the gnoll!
* * * LOW HITPOINT WARNING * * *
You feel sick. The gnoll hits you with a +0 flail.
* * * LOW HITPOINT WARNING * * *
You closely miss the gnoll.
* * * LOW HITPOINT WARNING * * *
You feel sick. You block the gnoll's attack.
You hit the gnoll but do no damage.
* * * LOW HITPOINT WARNING * * *
You feel sick. The gnoll misses you.
You barely miss the gnoll.
* * * LOW HITPOINT WARNING * * *
You feel sick. You block the gnoll's attack.
You slash the gnoll!
You kill the gnoll!
* * * LOW HITPOINT WARNING * * *
You feel sick.
Found a scroll labelled CUZXAENARPH.
You die...

#.#.# ###.# ?.
#. ._.#.#.#
#..## #.###.
...#.#.# ####
...#.##.##...#
#....#.#..###
#...#.#.##
#?.#.#.#
#.#)#.#
#.@†..#
#######


There were no monsters in sight!

Vanquished Creatures
  A black bear (D:5)
  An ogre (D:5)
  A necrophage (D:5)
  2 scorpions
  5 killer bees (D:5)
  2 jellies
  4 iguanas
  3 gnolls (D:5)
  8 adders
  2 ufetubi
  4 worms
  A dart slug (D:1)
  An orc (D:5)
  8 ball pythons
  8 bats
  14 endoplasms
  4 giant cockroaches
  6 goblins
  7 hobgoblins
  4 jackals (D:1)
  10 kobolds
  A quokka (D:1)
  2 frilled lizards (D:1)
  4 rats
103 creatures vanquished.

Notes
Turn   | Place    | Note
-------+----------+-------------------------------------------
     0 | D:1      | masschaos23 the Hill Orc Fighter began the quest for the
                  | Orb.
     0 | D:1      | Reached XP level 1. HP: 19/19 MP: 1/1
   268 | D:1      | Reached XP level 2. HP: 27/27 MP: 2/2
   518 | D:1      | Reached XP level 3. HP: 33/33 MP: 3/3
  1456 | D:2      | Reached XP level 4. HP: 16/40 MP: 4/4
  2078 | D:3      | Found an ancient bone altar of Kikubaaqudgha.
  2217 | D:3      | Found a radiant altar of Vehumet.
  2271 | D:3      | Found a faded altar of an unknown god.
  2309 | D:3      | Found a blossoming altar of Fedhas.
  2873 | D:4      | Reached XP level 5. HP: 42/47 MP: 5/5
  3415 | D:4      | Found a sparkling altar of Nemelex Xobeh.
  3541 | D:4      | Reached skill level 5 in Fighting
  3541 | D:4      | Reached XP level 6. HP: 52/56 MP: 6/6
  3873 | D:4      | Found a staircase to the Ecumenical Temple.
  4126 | D:5      | Entered Level 5 of the Dungeon
  4138 | D:5      | Reached skill level 5 in Axes
  4240 | D:5      | Noticed a black bear
  4249 | D:5      | Reached skill level 5 in Armour
  4249 | D:5      | Reached skill level 5 in Shields
  4253 | D:5      | Killed a black bear
  4254 | D:5      | Reached XP level 7. HP: 41/61 MP: 7/7
  4486 | D:5      | Found an iron altar of Okawaru.
  5214 | D:5      | Reached XP level 8. HP: 45/71 MP: 8/8
  5384 | D:5      | Found a shimmering blue altar of Sif Muna.
  5398 | D:5      | HP: 3/71 [poisoned by a killer bee]
  5399 | D:5      | HP: 1/71 [poisoned by a killer bee]
  5400 | D:5      | Succumbed to a killer bee's poison

Illustrated notes

Levels and vault maps discovered:
D:1:      zaba_arrival_water, layout_loops_cross, minivault_11
D:2:      layout_loops_ring, grunt_ministairs_7, kennysheep_minor_cross,
          minmay_misc_feat_pillars
D:3:      layout_basic, vehumet_crystals, fedhas_altar_1,
          mainiacjoe_overflow_small_starburst, hellmonk_ecumenical_altar_run_dry
D:4:      layout_loops_ring, nemelex_diamond_rough_becter,
          minmay_temple_entry_poolview
D:5:      layout_layer_cave, kennysheep_mini,
          mainiacjoe_overflow_surrounded_room,
          mainiacjoe_overflow_six_doors_small, enter_ossuary_5

Skill      XL: |  1  2  3  4  5  6  7 |
---------------+----------------------+-----
Axes           | 3 4 5 6 |  6.4
Fighting       | 4 5 6 |  6.4
Armour         | 4 5 |  5.9
Shields        | 4 5 |  5.9

Action                   |  1- 3 |  4- 6 |  7- 9 || total
-------------------------+-------+-------+-------++-------
Melee: War axe           |    92 |   136 |    68 ||   296
  Use: Potion            |       |     1 |       ||     1
Armor: Scale mail        |    57 |    62 |    28 ||   147
Dodge: Dodged            |    57 |    71 |    53 ||   181
Block: Buckler           |    22 |    33 |    24 ||    79
